 Dungeon Crawl Stone Soup version 0.30-a0-358-g0d69a1922f (webtiles) character file.

Game seed: 15571619947413997908

30 jasper the Shield-Bearer (level 2, 0/25 HPs)
             Began as a Demigod Fighter on Nov 9, 2022.
             Hit by a goblin thrown by Robin (1 damage)
             ... on level 2 of the Dungeon.
             The game lasted 00:01:01 (411 turns).

jasper the Shield-Bearer (Demigod Fighter)           Turns: 411, Time: 00:01:02

Health: 0/25       AC:  6    Str: 17    XL:     2   Next: 84%
Magic:  4/4        EV:  9    Int: 10    God:
Gold:   12         SH:  5    Dex: 13    Spells: 1/1 levels left

rFire   . . .      SeeInvis .    a - +0 war axe
rCold   . . .      Faith    .    c - +0 buckler
rNeg    . . .      Spirit   .    b - +0 scale mail
rPois   .          Reflect  .    (no helmet)
rElec   .          Harm     .    (no cloak)
rCorr   .          Rampage  .    (no gloves)
Will    .....                    (no boots)
Stlth   ..........               (no amulet)
HPRegen 0.24/turn                (no ring)
MPRegen 0.09/turn                (no ring)

@: lethally poisoned (0 -> -8)
A: high MP 1, forlorn, divine attributes
a: no special abilities


You were on level 2 of the Dungeon.
You visited 1 branch of the dungeon, and saw 2 of its levels.

You collected 12 gold pieces.

Inventory:

Hand Weapons
 a - a +0 war axe (weapon)
Missiles
 g - 3 atropa-tipped darts (quivered)
Armour
 b - a +0 scale mail (worn)
 c - a +0 buckler (worn)
Scrolls
 e - a scroll of amnesia {unknown}
 f - 2 scrolls of identify {unknown}
 i - a scroll of blinking {unknown}
Potions
 d - a potion of might
 h - 2 potions of berserk rage {unknown}


   Skills:
 - Level 2.6 Fighting
 - Level 2.3 Axes
 - Level 2.6 Armour
 + Level 3.5 Shields


You had one spell level left.
You didn't know any spells.
Your spell library was empty.

Dungeon Overview and Level Annotations

Branches:
Dungeon (1/15)

Annotations:
D:2 Robin


Innate Abilities, Weirdness & Mutations

You have an increased reservoir of magic. (+10% MP)
You shall have no god before yourself.
Your divine heritage dramatically boosts your attributes as you level up.


Message History

The goblin unwields a +0 sling.
The goblin wields a +0 club.
You block the goblin's attack. The dart slug launches a dart at you.
The slug dart hits you.
Things that are here:
a +0 club; a +0 sling; a goblin corpse You take 5 damage, and have 18/25 hp.
You closely miss the goblin. You hit the goblin. You hit the dart slug.
You hit the goblin. You miss the goblin. The goblin hits you with a +0 club.
Robin roars a battlecry!
The goblins go into a battle-frenzy!
The goblin hits you but does no damage. x2; The goblin closely misses you.
The dart slug bites you but does no damage.
You block the goblin's attack. The goblin barely misses you.
You block the goblin's attack.
You take 3 damage, and have 15/25 hp.
You barely miss the goblin. You miss the goblin.
You closely miss the goblin. x2
You hit the dart slug.
You kill the dart slug!
The goblin hits you with a +0 club. x2
A goblin comes into view. It is wielding a +0 club.
You block the goblin's attack.
The goblin hits you with a +2 dagger of protection.
The goblin hits you but does no damage.
You take 7 damage, and have 8/25 hp.
MASSIVE DAMAGE!!
You hit the goblin.
You kill the goblin!
You hit the goblin.
You kill the goblin!
You hit the goblin. You closely miss the goblin. You hit the goblin.
You kill the goblin!
You hit the goblin. The goblin hits you but does no damage.
The goblin barely misses you. The goblin hits you but does no damage.
The goblin hits you with a +1 dagger of venom.
* * * LOW HITPOINT WARNING * * *
You are lethally poisoned!
The goblin hits you with a +0 club.
* * * LOW HITPOINT WARNING * * *
Robin throws the goblin at you!
You die...

.# .# ####.# ### #....#
..# #....# #.####....#
#.#.†.....# . ##
#.#.##.ggg##.... .#
#.#.##$.@g...... .#
#....#.)gg......
.########.#..#.g..#####.
.................gg.
.####........##.#.... ##
#.######.##.#.... # #.#
..##. #.... #####.# #
###. ..... ....#.#


You could see Robin, a hobgoblin (strong) and 7 goblins.

Vanquished Creatures
  2 dart slugs
  3 endoplasms (D:1)
  6 goblins
  2 hobgoblins (D:1)
  3 jackals (D:1)
  3 kobolds
  4 ball pythons (D:1)
  A bat (D:1)
  2 rats
26 creatures vanquished.

Notes
Turn   | Place    | Note
-------+----------+-------------------------------------------
     0 | D:1      | jasper the Demigod Fighter began the quest for the Orb.
     0 | D:1      | Reached XP level 1. HP: 18/18 MP: 3/3
   161 | D:1      | Reached XP level 2. HP: 24/25 MP: 4/4
   217 | D:1      | Reached skill level 3 in Shields
   369 | D:1      | You fall into a shaft and drop 1 floor!
   406 | D:2      | Noticed Robin
   411 | D:2      | HP: 1/25 [goblin/+0 club[Robin] (3)]
   411 | D:2      | Hit by a goblin thrown by Robin

Illustrated notes

Levels and vault maps discovered:
D:1:      mushboom_english_gardens, layout_rooms, chequers_serial_rivers_room_a,
          skrybe_limestone_x, corexii_leaking_fountain
D:2:      layout_basic, uniq_robin

Skill      XL: |  1  2 |
---------------+-------+-----
Axes           | 2 |  2.3
Shields        | 3 |  3.5
Fighting       | |  2.6
Armour         | |  2.6

Action                   || total
-------------------------++-------
Melee: War axe           ||    63
Armor: Scale mail        ||    44
Dodge: Dodged            ||    36
Block: Buckler           ||    23

Table legend: (Time is in decaauts)
 A = Elapsed time spent in this place.
 B = Non-inter-level travel time spent in this place.
 C = Inter-level travel time spent in this place.
 D = Time resting spent in this place.
 E = Time spent auto-exploring this place.
 F = Levels seen in this place.
 G = Mean time per level.
                   A        B        C        D        E       F      G
               +--------+--------+--------+--------+--------+-----+--------+
         Total |    437 |    437 |      0 |      0 |    241 |   2 |  218.5 |
       Dungeon |    437 |    437 |      0 |      0 |    241 |   2 |  218.5 |
               +--------+--------+--------+--------+--------+-----+--------+

Top non-repeatable levels by time:
     D:1: 393 daAuts
     D:2: 44 daAuts
